AoeStats
← Pixu

Arena

509020701Analyzed
4v4 RM · 8d ago on Sep 25, 2026· 55m 14s· 8 players
Game mode
Random Map
Map size
Large (8 player)
Population
200
Speed
Normal
Resources
Standard
Victory
Conquest
Starting age
Dark Age
Ending age
Imperial Age
RankedLock teamsTeams togetherTeam positionsShared explorationLock speedFull tech treeHidden civsTurbo modeCheats
Victory
Defeat
1072
+14
🇺🇸 Franks · United States
968
+18
🇵🇪 Italians · Peru
954
+19
🇨🇳 Celts · China
776
+26
🇨🇱 Wu · Chile
1044
-19
🇨🇱 Romans · Chile
1020
-20
🇨🇱 Koreans · Chile
1015
-19
🇨🇱 Byzantines · Chile
995
-19
Toast
7:05 Loom
9:56 Feudal Age
10:31 Double-Bit Axe
14:59 Wheelbarrow
19:19 Castle Age
18:13 Scale Barding Armor
19:00 Forging
22:25 Chain Barding Armor
24:31 Iron Casting
25:33 Husbandry
26:30 Fletching
26:39 Gold Mining
27:02 Bow Saw
27:56 Bodkin Arrow
28:04 Padded Archer Armor
30:57 Leather Archer Armor
31:23 Hand Cart
33:58 Imperial Age
32:23 Ballistics
32:10 Ordonnance Companies
34:45 Gold Shaft Mining
35:40 Stone Mining
36:29 Plate Barding Armor
35:17 Cavalier
36:20 Conscription
37:45 Chemistry
36:32 Elite Skirmisher
38:38 Blast Furnace
38:51 Masonry
38:14 Paladin
41:22 Siege Engineers
40:59 Cranequins
44:44 Architecture
49:39 Murder Holes
打帝国需要戴老花镜
11:02 Feudal Age
15:52 Castle Age
13:56 Fletching
14:27 Horse Collar
14:34 Double-Bit Axe
15:23 Padded Archer Armor
15:59 Gold Mining
18:48 Leather Archer Armor
18:29 Loom
23:19 Wheelbarrow
25:00 Elite Skirmisher
31:07 Imperial Age
31:17 Crossbowman
32:56 Conscription
35:54 Arbalester
36:37 Heavy Plow
38:13 Thumb Ring
37:57 Elite White Feather Guard
41:42 Ballistics
42:39 Hoardings
46:54 Chemistry
46:01 Siege Engineers
46:05 Caravan
Gerar1309
0:52 Loom
10:12 Feudal Age
12:26 Fletching
21:25 Castle Age
21:26 Gold Mining
25:13 Bodkin Arrow
28:32 Padded Archer Armor
28:55 Double-Bit Axe
33:01 Horse Collar
33:34 Stone Mining
37:35 Imperial Age
36:27 Thumb Ring
37:38 Ballistics
40:21 Chemistry
39:03 Treadmill Crane
40:55 Conscription
42:12 Heavy Plow
43:42 Bracer
45:14 Pirotechnia
45:23 Leather Archer Armor
46:02 Silk Road
47:22 Caravan
48:57 Ring Archer Armor
52:08 Wheelbarrow
51:19 Town Watch
Nick76Luo
9:55 Feudal Age
14:07 Castle Age
12:01 Double-Bit Axe
12:33 Horse Collar
20:03 Bow Saw
20:37 Heavy Plow
22:29 Wheelbarrow
21:46 Town Watch
21:59 Gold Mining
22:00 Stone Mining
23:18 Gold Shaft Mining
24:30 Hand Cart
24:59 Stone Shaft Mining
30:51 Imperial Age
28:25 Town Patrol
28:10 Loom
29:41 Pikeman
30:06 Arson
31:08 Forging
30:49 Fletching
30:59 Scale Mail Armor
31:23 Halberdier
32:40 Iron Casting
33:16 Chain Mail Armor
34:06 Bodkin Arrow
34:34 Capped Ram
34:38 Heavy Scorpion
36:32 Blast Furnace
36:03 Plate Mail Armor
34:57 Onager
35:36 Siege Ram
37:50 Furor Celtica
38:51 Conscription
48:01 Ballistics
47:47 Siege Engineers
47:53 Masonry
48:14 Herbal Medicine
48:19 Devotion
48:18 Murder Holes
49:24 Chemistry
48:31 Scale Barding Armor
50:50 Siege Onager
Pixu
4:06 Loom
12:19 Feudal Age
12:47 Double-Bit Axe
12:42 Horse Collar
19:06 Castle Age
19:24 Gold Mining
19:26 Stone Mining
20:36 Loom
22:05 Bow Saw
25:40 Wheelbarrow
28:39 Imperial Age
27:03 Gambesons
27:19 Squires
27:04 Arson
28:50 Stone Shaft Mining
29:08 Pikeman
30:59 Hand Cart
31:02 Halberdier
33:10 Heavy Plow
33:23 Forging
33:20 Scale Barding Armor
33:16 Scale Mail Armor
35:50 Two-Man Saw
37:28 Gold Shaft Mining
36:57 Padded Archer Armor
36:47 Fletching
37:32 Iron Casting
37:18 Chain Barding Armor
36:41 Elite Skirmisher
37:30 Elite Varangian Guard
39:12 Thumb Ring
40:01 Bodkin Arrow
40:21 Leather Archer Armor
41:17 Crop Rotation
41:51 Ballistics
42:19 Logistica
46:01 Plate Barding Armor
45:41 Leather Archer Armor
abramix12
7:27 Loom
11:46 Feudal Age
18:05 Castle Age
17:26 Wheelbarrow
17:37 Horse Collar
19:50 Town Watch
24:16 Stone Mining
24:20 Gold Mining
24:51 Double-Bit Axe
26:55 Bow Saw
30:30 Imperial Age
27:50 Pikeman
31:07 Squires
31:56 Scale Mail Armor
32:07 Forging
31:48 Fletching
32:23 Hand Cart
32:11 Murder Holes
32:37 Ballistics
32:49 Heavy Plow
34:43 Masonry
35:35 Chemistry
34:40 Town Patrol
36:20 Iron Casting
36:01 Chain Mail Armor
35:41 Bodkin Arrow
40:00 Man-at-Arms
40:20 Halberdier
42:14 Blast Furnace
42:24 Comitatenses
42:29 Conscription
41:46 Man-at-Arms
42:26 Long Swordsman
43:12 Legionary
LCsLA Skoll
10:04 Feudal Age
11:51 Double-Bit Axe
14:29 Castle Age
12:41 Double-Bit Axe
13:55 Fletching
18:53 Loom
21:32 Bodkin Arrow
21:48 Horse Collar
21:59 Gold Mining
30:23 Imperial Age
29:51 Ballistics
32:06 Chemistry
31:04 Elite Fire Archer
34:07 Bracer
34:07 Padded Archer Armor
34:48 Conscription
36:09 Wheelbarrow
35:20 Town Watch
37:19 Treadmill Crane
48:12 Heavy Plow
LavMani
7:00 Loom
9:39 Feudal Age
19:17 Double-Bit Axe
24:00 Castle Age
22:30 Stone Mining
24:03 Fletching
24:43 Bodkin Arrow
28:27 Bow Saw
34:20 Imperial Age
37:18 Bracer
39:17 Chemistry
37:45 Elite Skirmisher
39:34 Horse Collar
40:32 Wheelbarrow
41:09 Ballistics
42:16 Thumb Ring
44:47 Heavy Rocket Cart
49:58 Siege Engineers
54:59 Hand Cart
Connection lost

Rejoining the realm…

Still unreachable

The connection could not be restored.

Session expired

The server has moved on; the page needs a fresh start.